[Event "8th Montevideo Open 2025"]
[Site "Montevideo"]
[Date "2025.02.02"]
[Round "3.22"]
[White "Fernandez Rodriguez, Jose Antonio"]
[Black "Lanzilotta, Marcelo"]
[Result "0-1"]
[Annotator "TA"]
[ECO "B78"]
[WhiteElo "2140"]
[BlackElo "1958"]
[PlyCount "74"]
[EventDate "2025.02.01"]
[EventType "swiss"]
[EventCountry "URU"]
[SourceTitle "playchess.com"]
[Source "ChessBase"]
[SourceQuality "1"]
[TimeControl "5400+30"]

1. e4 c5 2. Nf3 d6 3. d4 cxd4 4. Nxd4 Nf6 5. Nc3 g6 6. Be3 Bg7 7. f3 O-O 8. Qd2 Nc6 9. Bc4 Bd7 10. O-O-O Ne5 11. Bb3 Rc8 12. h4 h5 13. Bg5 Nc4 14. Qe2 {[%emt 0:00:59] 14.Qd3 is more fashionable.} Na5 15. g4 {[%emt 0:02:15] B78: Sicilian Dragon: Yugoslav Attack, 9 Bc4 Bd7 10 0-0-0 Rc8.} Nxb3+ 16. axb3 {[%emt 0:04:19] A sharp opening} hxg4 {[%emt 0:13:24] [#]} 17. h5 $1 Qa5 $146 (17... gxh5 18. Bxf6 exf6 (18... Bxf6 $2 19. Rxh5 Re8 20. f4 $18) 19. Rxh5 $18) (17... gxf3 18. Nxf3 Rxc3 19. bxc3 Nxh5 20. Kb2 Qa5 21. Qd2 Rc8 22. Nd4 Ng3 23. Rh4 e5 {½-½ Oliveira,M (1927)-Rego,P (2215) POR-ch prel Matosinhos 2012 (9.2)}) 18. Qe3 Rc5 {[%emt 0:19:21] [#]} (18... Qa1+ $15 {stays ahead.} 19. Nb1 gxf3 (19... gxh5 20. Bh6 $17) (19... Nxh5 20. Bh6 $17)) 19. f4 $2 {[%emt 0:17:10][%mdl 8192] [#]} (19. Bxf6 Bxf6 20. b4 Qxb4 $19) (19. h6 $1 $16 {[%cal Rh6g7] stays on course.} Bh8 (19... Rxg5 $2 20. hxg7 Rc8 21. Nf5 $18) 20. h7+ Nxh7 21. Bxe7) 19... Rfc8 {[%emt 0:06:52] Black keeps a firm grip on the game.} ({Don't take} 19... gxh5 20. Kb1 $17) (19... Nxh5 20. Bxe7 Qa1+ 21. Kd2 Qxb2 22. Bxf8 Bxf8 (22... Kxf8 $2 23. Nde2 $19) 23. Nce2) ({Black should try} 19... Qa1+ $1 $19 20. Nb1 Nxh5 (20... gxh5 $2 21. c3 $17) 21. Bxe7 Re8 (21... Rfc8 $2 22. c3 $19) 22. Bxd6 Rd5) 20. Nde2 $2 (20. Kb1 $17) 20... Qa1+ $19 21. Kd2 Qxb2 22. Rb1 {[%emt 0:05:38] [#]} Nxe4+ $1 23. Qxe4 Bxc3+ {[%emt 0:02:09] This pair of bishops is nice.} 24. Ke3 {[%emt 0:04:35] [#]} Bf5 $1 25. Qxf5 (25. Rxb2 Bxe4) 25... gxf5 26. Rxb2 Bxb2 27. c4 b5 28. h6 Kh7 29. Kd3 bxc4+ 30. bxc4 f6 31. Bh4 Rxc4 (31... Kxh6 32. Bxf6+ Kg6 33. Bxb2 $19) 32. Bf2 a5 33. Rb1 Rc2 34. Be1 a4 {[%emt 0:00:49][%cal Oa4a3] Hoping for ...a3!.} 35. Ng3 {[%emt 0:00:43] [#]} R8c3+ $1 {[%emt 0:03:42] Black mates.} 36. Bxc3 Rxc3+ 37. Kd2 Rxg3 {[%emt 0:00:20] Weighted Error Value: White=1.34/Black=0.40  Loses game:     	White=2     	---        Mistake:       	White=1     	Black=2      OK:         	White=1     	Black=1      Best:        	White=1     	Black=1} 0-1

[Event "8th Montevideo Open 2025"]
[Site "Montevideo"]
[Date "2025.02.02"]
[Round "3.23"]
[White "Lopez Betancourt, Bryan"]
[Black "Varela, Mateo"]
[Result "0-1"]
[Annotator "TA"]
[ECO "B22"]
[WhiteElo "1897"]
[BlackElo "1955"]
[PlyCount "98"]
[EventDate "2025.02.01"]
[EventType "swiss"]
[EventCountry "URU"]
[SourceTitle "playchess.com"]
[Source "ChessBase"]
[SourceQuality "1"]
[TimeControl "5400+30"]

1. e4 c5 2. c3 Nf6 3. e5 Nd5 4. d4 cxd4 5. cxd4 d6 6. Nf3 Nc6 7. Bc4 Nb6 8. Bb5 dxe5 9. Nxe5 Bd7 10. Nxd7 Qxd7 11. Nc3 Rd8 12. Be3 a6 13. Bxc6 Qxc6 {[%emt 0:00:30] The position is equal.} 14. Qf3 (14. O-O $11 {keeps the balance.}) 14... Qxf3 $17 15. gxf3 Nd5 ({Black should play} 15... g6 $15) 16. Nxd5 (16. Rc1 $11) 16... Rxd5 $15 17. Rc1 Kd7 18. Ke2 e6 {[%emt 0:00:30] Black keeps a firm grip on the game.} 19. Rhg1 g6 20. Bf4 Bd6 {[%emt 0:00:30] Inhibits Rc7+.} (20... Rxd4 $2 {is the wrong capture.} 21. Be5 Rd5 22. Bxh8 $18) 21. Bxd6 Kxd6 $17 {[%emt 0:00:30][%mdl 4096] Endgame. KRR-KRR} 22. Rc2 Rxd4 23. Rgc1 Rd8 24. Rc7 Rd7 25. Rc8 h5 26. Rd1 (26. R1c4 $17 Rxc4 27. Rxc4) 26... Rxd1 $19 27. Kxd1 {[%emt 0:00:30] KR-KR} Rc7 28. Rf8 Ke5 {[%emt 0:00:30] ...Kf4 would now be deadly.} 29. h4 $2 {[%emt 0:00:30] [#]} (29. Rd8) 29... Kf4 30. Ke2 e5 31. a3 Rc2+ 32. Ke1 $2 (32. Kd3 {was worth a try.} Rc7 (32... Rxb2 33. Rxf7#) 33. Re8) 32... f5 $1 (32... Rxb2 33. Rxf7#) 33. Rg8 (33. Rd8 $142) 33... Kxf3 34. Rxg6 Re2+ 35. Kd1 Kxf2 {[%emt 0:00:30][%cal Of5f4] [#] White must now prevent ...f4!} 36. Rg5 f4 (36... Rxb2 37. Rxf5+ Kg3 38. Rxh5 $15) 37. Rxh5 e4 {[%emt 0:00:30] Black mates.} 38. Rf5 f3 (38... Rxb2 39. Rxf4+ Ke3 40. Rf7 $17) 39. h5 Re1+ 40. Kc2 Rh1 41. Re5 e3 42. h6 e2 43. h7 e1=Q 44. h8=Q Qd1+ 45. Kc3 Rxh8 46. Re4 Rc8+ 47. Kb4 Qd6+ 48. Kb3 Qd5+ 49. Rc4 Qxc4# {[%emt 0:00:30] Weighted Error Value: White=0.58/Black=0.08 (flawless) .  Mistake:       	White=6     	Black=1      Inaccurate:     	White=2     	Black=1      OK:         	White=5     	Black=8      Best:        	---       	Black=4      Strong:       	---       	Black=1} 0-1

[Event "8th Montevideo Open 2025"]
[Site "Montevideo"]
[Date "2025.02.02"]
[Round "3.24"]
[White "Silva, Juliana Figueira The"]
[Black "Escofet, Jaime"]
[Result "0-1"]
[Annotator "TA"]
[ECO "A57"]
[WhiteElo "1807"]
[BlackElo "1951"]
[PlyCount "68"]
[EventDate "2025.02.01"]
[EventType "swiss"]
[EventCountry "URU"]
[SourceTitle "playchess.com"]
[Source "ChessBase"]
[SourceQuality "1"]
[TimeControl "5400+30"]

1. d4 Nf6 2. c4 c5 3. d5 b5 4. Qc2 Na6 5. Bd2 bxc4 6. e4 {[%emt 0:00:54][%cal Oa2a3] A57: Benko/Volga Gambit.} e6 7. dxe6 fxe6 8. Bxc4 (8. e5 $1 $11) 8... Bb7 $15 9. Bd3 (9. Nc3 $15) 9... Nb4 $146 (9... c4 $19 10. Qxc4 Rc8) (9... c4 10. Qxc4 Rc8 11. Qd4 Bc5 12. Qa4 Qb6 13. Nh3 Nb4 14. Bxb4 Bxb4+ 15. Ke2 Nxe4 {0-1 Lubczynski,R (2084)-Wieclaw,M (2145) Poznan op-A 2003 (3)}) 10. Bxb4 cxb4 11. e5 $2 (11. Nd2 $15) 11... Rc8 $19 (11... Bxg2 12. Bg6+ Ke7 13. exf6+ Kxf6 14. Be4 $19) 12. Bg6+ hxg6 13. Qxg6+ Ke7 14. exf6+ gxf6 15. Nd2 Qa5 16. Ngf3 Bh6 {[%emt 0:00:30] Active counter play!} 17. Nb3 Qa6 18. Qg4 Rc4 (18... Rhg8 $142 19. Qxb4+ d6) 19. Nfd4 Bd5 20. O-O (20. Qe2) 20... Rcc8 $1 21. g3 Rcg8 $1 $36 {[%emt 0:00:30][%mdl 2048] White is under strong pressure.} 22. Qd1 {[%emt 0:00:30] [#]} (22. Qe2 {keeps fighting.} Qxe2 23. Nxe2) 22... Bg5 $2 {[%emt 0:00:30] White is weak on the light squares} ({Better is} 22... Bf4 $1 $19 23. Nf3 Qb6) 23. Nf3 ({White should play} 23. Nf5+ $1 $15 Kf7 (23... exf5 $2 24. Qxd5 Qc6 25. Rfe1+ Kf8 26. Rad1 $18) 24. Qd4) 23... Bf4 $17 24. Qd4 $2 (24. Nbd4) 24... Bd6 {[%emt 0:00:30] This pair of bishops is nice.} (24... Qd6 $142 25. Nbd2 Bxd2) 25. Qe3 {[%emt 0:00:30] [#]} (25. Nbd2 $142 Qb6 (25... Bxa2 $2 26. Ne4 $18) 26. Qxb6 axb6 27. Rfd1) 25... Rg4 $2 (25... f5 $1 $19 {[%cal Rf5f4] and Black stays clearly on top. ...f4 is the strong threat.} 26. Nbd4 f4 (26... Bxa2 $2 27. Nxf5+ Kf6 28. Nxd6 $18)) 26. Rfe1 (26. Rad1 $17 Qb6 27. Qxb6 axb6 28. Nfd4) 26... Re4 $19 27. Qd2 (27. Qxe4 Bxe4 28. Rxe4) 27... Rxe1+ 28. Nxe1 Bxb3 29. Qd4 (29. Nc2 $142 Bxc2 (29... Bxa2 $2 30. Nxb4 Qb6 31. Nxa2 $19) 30. Qxc2) 29... Bd5 30. Qg4 {[%emt 0:17:45] Inhibits Qe2.} Rf8 (30... Bxa2 $2 {loses.} 31. Qg7+ Ke8 32. Qxh8+ Kf7 33. Qh7+ Ke8 34. Nf3 $18) 31. Ng2 Qc4 32. Qg7+ Rf7 {[%emt 0:00:30][%cal Oc4e4] ( -> ...Qe4!)} 33. Qg8 Qe4 34. Nh4 Qh1# {[%emt 0:00:30] Weighted Error Value: White=1.19/Black=0.84  Loses game:     	White=2     	---        Missed win:     	---       	Black=3      Mistake:       	White=9     	Black=2      Inaccurate:     	White=1     	Black=2      OK:         	White=5     	Black=7      Best:        	White=3     	Black=1      Strong:       	---       	Black=2} 0-1

[Event "8th Montevideo Open 2025"]
[Site "Montevideo"]
[Date "2025.02.04"]
[Round "4.1"]
[White "Hoffman, Alejandro"]
[Black "Shoker, Samy"]
[Result "1/2-1/2"]
[Annotator "TA"]
[ECO "E91"]
[WhiteElo "2368"]
[BlackElo "2446"]
[PlyCount "57"]
[EventDate "2025.02.01"]
[EventType "swiss"]
[EventCountry "URU"]
[SourceTitle "playchess.com"]
[Source "ChessBase"]
[SourceQuality "1"]
[TimeControl "5400+30"]

1. d4 g6 2. c4 Bg7 3. Nc3 d6 4. e4 Nf6 5. h3 O-O 6. Be3 c6 7. Nf3 Na6 $1 {[%emt 0:08:23][%mdl 4] is more profitable than 7...a6 at the moment.} 8. Be2 Nc7 9. O-O a6 {[%emt 0:04:36] E91: King's Indian: Classical: 6 Be2, unusual replies including 6...c5 and 6...Bg4.} 10. d5 $146 (10. Rc1 Nd7 11. d5 c5 12. a4 a5 13. Qd2 b6 14. Nh2 Ne8 15. f4 Bxc3 16. Qxc3 {1-0 Dimitrov,D (2191)-Stary,L (1891) Pardubice Czech Tintera op 30th 2019 (2)}) 10... Nd7 11. Qd2 Re8 {[%emt 0:03:45] White is better.} 12. Rad1 cxd5 13. cxd5 b5 14. a3 Bb7 15. Nd4 Nf6 16. Bf3 Nd7 17. Be2 Nf6 $1 18. Bf3 Nd7 $1 19. Be2 (19. Nb3 $16) 19... Qb8 (19... Nf6 $1 $11) 20. Nb3 Bc8 {[%emt 0:01:03] [#]} (20... e6 $16 {was called for.}) 21. Na5 $1 $18 Nc5 22. b4 Bxc3 23. Qxc3 Nxe4 24. Qd4 f5 {[%emt 0:02:16] Black is weak on the dark squares} 25. Nc6 {[%emt 0:04:45][%mdl 1024] White has strong compensation.} Qb7 26. Na5 {[%emt 0:00:51] White has more active pieces. The black rooks are passive.} Qb8 27. Nc6 (27. Bf3 $142 {[%cal Oe3h6] And now Bh6! would win.} e5 28. dxe6) 27... Qb7 $16 28. Na5 (28. Rc1 $142) 28... Qb8 $1 29. Nc6 {[%emt 0:00:36] Weighted Error Value: White=0.44/Black=0.14 (very precise)   Mistake:       	White=4     	Black=2      Inaccurate:     	---       	Black=1      OK:         	White=5     	Black=8      Best:        	---       	Black=2      Strong:       	---       	Black=3} (29. Bf3 $16 e5 30. dxe6) 1/2-1/2

[Event "8th Montevideo Open 2025"]
[Site "Montevideo"]
[Date "2025.02.04"]
[Round "4.2"]
[White "Coro, Lucas"]
[Black "Villegas, Franco"]
[Result "1-0"]
[Annotator "RC"]
[ECO "B52"]
[WhiteElo "2415"]
[BlackElo "2325"]
[PlyCount "95"]
[EventDate "2025.02.01"]
[EventType "swiss"]
[EventCountry "URU"]
[SourceTitle "playchess.com"]
[Source "ChessBase"]
[SourceQuality "1"]
[TimeControl "5400+30"]

1. e4 c5 2. Nf3 d6 3. Bb5+ Bd7 4. c4 Nf6 5. Nc3 g6 6. O-O Bg7 7. d4 cxd4 8. Nxd4 Nc6 9. Nf3 O-O 10. h3 Na5 11. Qd3 Rc8 12. Bg5 Be6 13. b3 a6 14. Ba4 b5 15. cxb5 Nd7 16. Rac1 Nc5 17. Qe3 Nxa4 18. Nxa4 axb5 19. Nb6 Rb8 20. Nd5 f6 21. Bh6 Bd7 22. Bxg7 Kxg7 23. Nd4 Rb7 24. Qc3 Kf7 25. Rfd1 e6 26. Nb4 Qb6 27. Qe3 Rc8 28. Rxc8 Bxc8 29. Rc1 Bd7 30. Qc3 Ra7 31. Nf3 Ra8 32. Rd1 Rd8 33. Qd2 Nb7 34. Nd3 Bc6 35. Qh6 Kg8 36. Nf4 Nc5 37. Nd4 Bd7 38. Nxg6 hxg6 39. Qxg6+ Kf8 40. Qxf6+ Ke8 41. b4 Nxe4 42. Qg6+ Ke7 43. Qxe4 Rf8 44. Qh4+ Ke8 45. Nf3 e5 46. Qh6 Ke7 47. Nxe5 Rxf2 48. Nxd7 1-0

[Event "8th Montevideo Open 2025"]
[Site "Montevideo"]
[Date "2025.02.04"]
[Round "4.3"]
[White "Larrea, Manuel"]
[Black "Villca, Julian"]
[Result "0-1"]
[Annotator "TA"]
[ECO "C54"]
[WhiteElo "2265"]
[BlackElo "2413"]
[PlyCount "104"]
[EventDate "2025.02.01"]
[EventType "swiss"]
[EventCountry "URU"]
[SourceTitle "playchess.com"]
[Source "ChessBase"]
[SourceQuality "1"]
[TimeControl "5400+30"]

1. e4 e5 2. Nf3 Nc6 3. Bc4 Bc5 4. c3 Nf6 5. d3 a5 6. O-O {[%emt 0:00:25] Threatening d4.} d6 7. Re1 O-O 8. Nbd2 {[%emt 0:02:58] The position is equal.} Ng4 9. Rf1 Ba7 10. h3 Nf6 11. Re1 Be6 12. Bb5 Ne7 13. d4 c6 14. Bf1 Ng6 15. g3 (15. b3 $11 {was preferrable.}) 15... a4 16. Bg2 Re8 17. Nf1 Qa5 18. Bg5 Nd7 19. Be3 d5 20. Ng5 dxe4 21. Nxe6 Rxe6 22. Bxe4 exd4 23. Bxd4 {[%emt 0:00:19] A strong pair of Bishops.} Rd6 24. b4 Qd8 25. Ne3 {[%emt 0:08:37][%cal Oe3f5] [#] Strongly threatening Nf5!} (25. Qxa4 $2 {is the wrong capture.} Bxd4 26. Qb3 Ba7 $19) 25... Bxd4 26. cxd4 Nf6 27. Nf5 Rd7 28. Bg2 Ne7 29. Nxe7+ Rxe7 30. Rxe7 Qxe7 31. a3 Qd7 32. Rc1 g6 33. Rc3 Nd5 34. Rd3 Nb6 35. Qc2 Qf5 36. Qe2 Qb5 37. Bf1 Nd5 38. Qe5 Qb6 39. h4 Rd8 40. h5 {[%emt 0:00:28] h6 would now be deadly.} Qc7 41. h6 f6 42. Qe1 Qe7 43. Qd1 Qf8 44. Qxa4 {[%emt 0:00:16] b5 is the strong threat.} Qxh6 45. b5 Qc1 46. bxc6 bxc6 (46... Qxc6 $11 {remains equal.} 47. Qd1 b5) 47. Rd1 $16 Qc3 48. Bc4 Kg7 $2 (48... Rc8 $16) 49. Qxc6 $18 Ne7 $2 (49... Qf3 50. Rb1 Kh6) 50. Qe6 $2 (50. Qc7 Re8 51. d5) 50... Nf5 51. Kg2 Rf8 {[%emt 0:00:46] [#] Dodges Qf7+} 52. d5 $4 Qxc4 {[%emt 0:00:06] Weighted Error Value: White=0.35/Black=0.15 (very precise) .  Missed win:     	White=1     	---        Mistake:       	White=2     	Black=3      Inaccurate:     	White=3     	Black=3      OK:         	White=15    	Black=16     Best:        	White=2     	Black=2} 0-1

[Event "8th Montevideo Open 2025"]
[Site "Montevideo"]
[Date "2025.02.04"]
[Round "4.4"]
[White "Vazquez, Facundo"]
[Black "De Dovitiis, Alejo"]
[Result "1-0"]
[Annotator "RC"]
[ECO "A41"]
[WhiteElo "2404"]
[BlackElo "2225"]
[PlyCount "87"]
[EventDate "2025.02.01"]
[EventType "swiss"]
[EventCountry "URU"]
[SourceTitle "playchess.com"]
[Source "ChessBase"]
[SourceQuality "1"]
[TimeControl "5400+30"]

1. d4 d6 2. Nf3 Bg4 3. c4 Nd7 4. Nc3 g6 5. h3 Bxf3 6. exf3 Bg7 7. Be3 c5 8. Be2 cxd4 9. Bxd4 Bxd4 10. Qxd4 Ngf6 11. O-O Qb6 12. Qd2 Nc5 13. Rfe1 O-O 14. Rad1 Rad8 15. Qc2 e5 16. a3 Ne6 17. b4 Rc8 18. Qb2 Rfd8 19. Bf1 a6 20. Rd2 Qc7 21. a4 h5 22. h4 Qe7 23. g3 Qf8 24. a5 Nd4 25. Kg2 Qg7 26. Na4 Nd7 27. Bd3 Qf6 28. Re3 g5 29. Nc3 gxh4 30. Nd5 Qg5 31. f4 Qg4 32. Be2 Nxe2 33. Rdxe2 Rxc4 34. fxe5 Qd4 35. Ne7+ Kf8 36. exd6 Qxb2 37. Rxb2 Nf6 38. Nf5 hxg3 39. fxg3 Nd5 40. Re7 Rb8 41. Rf2 Rxb4 42. Nh6 f6 43. Rf7+ Ke8 44. Re2+ 1-0

[Event "8th Montevideo Open 2025"]
[Site "Montevideo"]
[Date "2025.02.04"]
[Round "4.5"]
[White "Coppola, Claudio"]
[Black "Estrada Nieto, Julian"]
[Result "1-0"]
[Annotator "RC"]
[ECO "C68"]
[WhiteElo "2220"]
[BlackElo "2195"]
[PlyCount "99"]
[EventDate "2025.02.01"]
[EventType "swiss"]
[EventCountry "URU"]
[SourceTitle "playchess.com"]
[Source "ChessBase"]
[SourceQuality "1"]
[TimeControl "5400+30"]

1. e4 e5 2. Nf3 Nc6 3. Bb5 a6 4. Bxc6 dxc6 5. O-O Bg4 6. h3 Bh5 7. g4 Bg6 8. Nxe5 Qh4 9. Qf3 f6 10. Nxg6 hxg6 11. Kg2 g5 12. d3 Ne7 13. Rh1 Qh7 14. Kf1 Qg8 15. e5 Rh6 16. Nc3 O-O-O 17. Bd2 Kb8 18. Re1 Nd5 19. Nxd5 cxd5 20. e6 Be7 21. Kg2 g6 22. a3 Ka7 23. c4 c6 24. Ba5 b6 25. Bc3 f5 26. gxf5 gxf5 27. Qxf5 g4 28. h4 d4 29. Qf7 Qf8 30. Qxf8 Rxf8 31. Bxd4 Rd8 32. Re4 Rd6 33. c5 Rdxe6 34. cxb6+ Kb7 35. Rhe1 Rxe4 36. Rxe4 Bxh4 37. Rxg4 Bf6 38. Be3 Rh7 39. b4 Rd7 40. a4 a5 41. bxa5 Bc3 42. a6+ Kxa6 43. Rc4 Rxd3 44. Rxc6 Ba5 45. Rc7 Bxb6 46. Rc6 Rxe3 47. fxe3 Ka5 48. Rxb6 Kxb6 49. Kf3 Ka5 50. Ke4 1-0

[Event "8th Montevideo Open 2025"]
[Site "Montevideo"]
[Date "2025.02.04"]
[Round "4.6"]
[White "Curi, Gabriel"]
[Black "Komarov, Leonid"]
[Result "0-1"]
[Annotator "RC"]
[ECO "C01"]
[WhiteElo "2115"]
[BlackElo "1956"]
[PlyCount "84"]
[EventDate "2025.02.01"]
[EventType "swiss"]
[EventCountry "URU"]
[SourceTitle "playchess.com"]
[Source "ChessBase"]
[SourceQuality "1"]
[TimeControl "5400+30"]

1. e4 e6 2. d4 d5 3. exd5 exd5 4. Nf3 Nf6 5. Bd3 c5 6. O-O c4 7. Re1+ Be7 8. Bf1 O-O 9. b3 cxb3 10. axb3 Bg4 11. h3 Bh5 12. Qd3 Nc6 13. c3 a6 14. Ne5 Nxe5 15. dxe5 Ne4 16. Be3 Bg6 17. Qd1 Rc8 18. Bd4 Re8 19. Bd3 Nc5 20. Bxg6 hxg6 21. Nd2 Ne6 22. Nf3 Qd7 23. Qd3 Qc6 24. Rac1 b5 25. Ra1 Ra8 26. b4 Rec8 27. Ra3 Qc4 28. Qe3 a5 29. Rxa5 Rxa5 30. bxa5 Qa2 31. Bb6 b4 32. cxb4 Bxb4 33. Qe2 Rc2 34. Qb5 Bxe1 35. Qe8+ Kh7 36. Qxf7 Bxf2+ 37. Bxf2 Rxf2 38. Ng5+ Nxg5 39. Qxf2 Qa1+ 40. Qf1 Qxa5 41. Qf4 Qe1+ 42. Kh2 Ne6 0-1

[Event "8th Montevideo Open 2025"]
[Site "Montevideo"]
[Date "2025.02.04"]
[Round "4.7"]
[White "Carbone, Diego"]
[Black "Pichuaga, Juan Pablo"]
[Result "1/2-1/2"]
[Annotator "TA"]
[ECO "A41"]
[WhiteElo "2216"]
[BlackElo "1973"]
[PlyCount "119"]
[EventDate "2025.02.01"]
[EventType "swiss"]
[EventCountry "URU"]
[SourceTitle "playchess.com"]
[Source "ChessBase"]
[SourceQuality "1"]
[TimeControl "5400+30"]

1. d4 d6 2. c4 Nd7 3. Nc3 g6 4. Nf3 Bg7 5. g3 h6 6. Bg2 {[%emt 0:01:53] A41: 1 d4 d6: Tartakower System and Modern Defence.} e5 7. e4 Ne7 8. Be3 {[%emt 0:01:52] White is slightly better.} O-O 9. dxe5 $146 (9. Qd2 Kh7 10. Rd1 Nc6 11. O-O exd4 12. Nxd4 Nde5 13. b3 Bh3 14. Nxc6 bxc6 15. f4 Bxg2 16. Kxg2 {1-0 Fuderer,A-Puc,S YUG-ch09 Zagreb 1953 (12)}) 9... dxe5 10. Qd2 {[%emt 1:14:18][%cal Oe1c1] White has more active pieces.} Nb6 11. Bc5 {[%emt 0:00:00] Strongly threatening Qxd8.} (11. Bxh6 $6 Nxc4 (11... Qxd2+ 12. Bxd2 Nxc4 13. Bg5 $11) 12. Qe2 Bxh6 $11) 11... Qxd2+ 12. Nxd2 Bf6 13. Be3 (13. Nb5 $16) 13... Bg5 $14 14. f4 exf4 15. gxf4 Bh4+ 16. Ke2 c6 17. c5 Nd7 18. Bh3 b6 19. Nf3 Bf6 20. e5 (20. Bxd7 $11 Bxd7 21. Rad1) 20... Bg7 $15 21. Ne4 {[%emt 0:00:00] [#]} (21. Rad1 $1 $15 Ba6+ (21... Nxc5 22. Bxc5 bxc5 23. Bxc8 $11) 22. Kf2 Nxc5 23. Bxc5 bxc5 24. Ne4) 21... Nxe5 $1 $17 22. Bxc8 Nxf3 23. Kxf3 Rfxc8 24. cxb6 (24. Rab1 $17) 24... axb6 $19 (24... Bxb2 $2 25. b7 Bxa1 26. Rxa1 $18 (26. bxa8=N Bg7 $17) (26. bxa8=B Nf5 $18) (26. bxa8=R Rxa8 27. Rxa1 Nd5 $18) (26. bxc8=Q+ Rxc8 27. Rxa1 Nf5 $18) (26. bxa8=Q Rxa8 27. Rxa1 Nf5 $18)) 25. Bxb6 Nd5 26. Bc5 Bxb2 27. Rad1 Rxa2 28. Rd2 Ra1 {[%emt 0:00:56] Against Rb1} (28... Rb8 $19 29. Rhd1 Rb3+ 30. Rd3 Rxd3+ 31. Rxd3 f5) 29. Rxa1 $17 Bxa1 30. Ra2 Bg7 31. Ra6 (31. f5 $17 {was worth a try.}) 31... Bf8 32. Nd6 Bxd6 33. Bxd6 $19 {[%emt 0:00:01][%mdl 4096] Endgame KRB-KRN. Black is two pawns up.} Kg7 34. Be5+ Kf8 35. Ra7 Ke8 36. Bd6 Rd8 37. Bc5 Rb8 38. Ke4 Nf6+ 39. Kd4 Nd7 ({Black should play} 39... Rd8+ $19 40. Ke3 Rd5 41. Ra8+ Kd7) 40. Bd6 $17 Rc8 41. Kc4 f5 (41... h5 $17) 42. Kd4 g5 43. fxg5 hxg5 44. Ra5 $2 {[%emt 0:00:03][%mdl 8192] [#]} (44. h3 $11 {and White is okay.}) 44... c5+ $1 45. Kd5 f4 (45... Kf7 $19 {and ...Nb6+ should not be overlooked} 46. Ra7 Rd8 47. Bxc5 Ke8) 46. Ke6 $15 Nf8+ 47. Kf5 c4 48. Kxg5 f3 (48... Ne6+ $15 49. Kf5 Kd7) 49. Bxf8 $11 {[%emt 0:02:01] The position is equal.} Kxf8 {[%emt 0:00:35] KR-KR. Black is a pawn up.} (49... c3 {is more complex.} 50. Rf5 c2 51. Ba3 c1=Q+) 50. Rf5+ $1 Ke7 {[%emt 0:01:00] ( -> ...Rf8)} 51. Rxf3 Rg8+ 52. Kf4 Kd6 53. h4 Kc5 54. h5 Kd4 55. h6 c3 56. Rxc3 Kxc3 57. Kf5 {[%emt 0:00:12] Dodges Rg6} Kd4 58. Kf6 Rh8 59. Kg7 Rxh6 60. Kxh6 {[%emt 0:00:03] Weighted Error Value: White=0.23 (precise) /Black=0.17 (very precise)   Loses game:     	White=1     	---        Missed win:     	---       	Black=1      Mistake:       	White=5     	Black=4      Inaccurate:     	White=1     	Black=2      OK:         	White=21    	Black=22     Best:        	White=5     	Black=1      Strong:       	White=1     	---        Brilliant:      	---       	Black=1} 1/2-1/2

[Event "8th Montevideo Open 2025"]
[Site "Montevideo"]
[Date "2025.02.04"]
[Round "4.8"]
[White "Lanzilotta, Marcelo"]
[Black "Roselli Mailhe, Bernardo"]
[Result "0-1"]
[Annotator "RC"]
[ECO "C02"]
[WhiteElo "1958"]
[BlackElo "2342"]
[PlyCount "128"]
[EventDate "2025.02.01"]
[EventType "swiss"]
[EventCountry "URU"]
[SourceTitle "playchess.com"]
[Source "ChessBase"]
[SourceQuality "1"]
[TimeControl "5400+30"]

1. e4 e6 2. d4 d5 3. e5 b6 4. c3 Qd7 5. Nf3 Ne7 6. b3 c5 7. Na3 Nec6 8. Nc2 Be7 9. Bg5 Bxg5 10. Nxg5 h6 11. Nf3 cxd4 12. Ncxd4 Nxd4 13. Qxd4 O-O 14. Bd3 Ba6 15. O-O Nc6 16. Qe3 Bxd3 17. Qxd3 Rfd8 18. Rfe1 Rac8 19. Nd4 Nxd4 20. Qxd4 Qe7 21. h4 Qc5 22. Rac1 Rd7 23. Red1 Qxd4 24. Rxd4 Rdc7 25. Rd3 b5 26. a3 a5 27. b4 a4 28. f4 Rc4 29. g3 g5 30. hxg5 hxg5 31. Rf3 d4 32. Kf2 Kg7 33. Ke2 dxc3 34. Rc2 Kg6 35. fxg5 Re4+ 36. Kf2 Rxe5 37. Rfxc3 Rxc3 38. Rxc3 Kxg5 39. Rc5 Kf5 40. Rc7 f6 41. Kf3 Rd5 42. Ke3 Kg4 43. Rc6 Re5+ 44. Kf2 f5 45. Rc8 f4 46. gxf4 Kxf4 47. Rf8+ Ke4 48. Ke2 Kd4+ 49. Kd2 Kc4 50. Rf3 Rd5+ 51. Kc2 e5 52. Rf8 e4 53. Re8 Kd4 54. Kd2 Rd7 55. Re6 Rh7 56. Rd6+ Kc4 57. Kc2 Rh2+ 58. Kc1 e3 59. Re6 Kd3 60. Rd6+ Kc3 61. Rc6+ Kb3 62. Kd1 Kxa3 63. Rc3+ Kxb4 64. Rxe3 a3 0-1